 Dungeon Crawl Stone Soup version 0.27-a0-637-g3a9f0a9c12 (webtiles) character file.

Game seed: 12991833085406766093

153 sahdkjhfkaj the Ruffian (level 4, 35/35 HPs)
             Began as a Demigod Transmuter on Mar 14, 2021.
             Quit the game on level 4 of the Dungeon.
             The game lasted 00:04:47 (5839 turns).

sahdkjhfkaj the Ruffian (Demigod Transmuter)        Turns: 5839, Time: 00:04:48

Health: 35/35      AC:  2    Str: 13 (15) XL:     4   Next: 88%
Magic:  8/11       EV: 12    Int: 13 (15) God:
Gold:   132        SH:  0    Dex: 12 (14) Spells: 4/8 levels left

rFire    . . .     SeeInvis .     - Unarmed
rCold    . . .     Faith    .   (no shield)
rNeg     . . .     Spirit   .   a - +0 robe
rPois    .         Reflect  .   (no helmet)
rElec    .         Harm     .   (no cloak)
rCorr    .         Rampage  .   (no gloves)
Will     .....                  (no boots)
Stlth    +.........             (no amulet)
HPRegen  0.11/turn              (no ring)
MPRegen  0.12/turn              (no ring)

@: very slightly contaminated
A: high mp 1, forlorn
a: no special abilities


You were on level 4 of the Dungeon.
You visited 1 branch of the dungeon, and saw 4 of its levels.

You collected 132 gold pieces.

Inventory:

Missiles
 g - 27 poisoned darts
Armour
 a - a +0 robe (worn)
 c - a +1 pair of gloves
   (You found it on level 2 of the Dungeon)
Jewellery
 d - an amulet of reflection
   (You found it on level 1 of the Dungeon)
 m - a ring of resist corrosion
   (You took it off a hobgoblin on level 3 of the Dungeon)
Scrolls
 e - a scroll of magic mapping {unknown}
 f - a scroll of enchant armour {unknown}
 h - 2 scrolls of amnesia {unknown}
 k - a scroll of enchant weapon {unknown}
 l - a scroll of blinking {unknown}
Potions
 B - 2 potions of brilliance
 J - a potion of curing {@q1}
 M - 2 potions of might


   Skills:
 - Level 1.0 Fighting
 - Level 1.7 Dodging
 - Level 4.0 Unarmed Combat
 + Level 2.8 Spellcasting
 - Level 3.0 Transmutations


You had 4 spell levels left.
You knew the following spells:

 Your Spells              Type           Power      Damage    Failure   Level
a - Beastly Appendage     Tmut           18%        N/A       7%          1
x - Spider Form           Tmut/Pois      2%         N/A       36%         3

Your spell library contained the following spells:

 Spells                   Type           Power      Damage    Failure   Level
 Wereblood                Tmut           9%         N/A       11%         2
 Ice Form                 Ice/Tmut       5%         N/A       77%         4
 Blade Hands              Tmut           4%         N/A       88%         5


Dungeon Overview and Level Annotations

Branches:
Dungeon (4/15)
 Temple: D:4-7


Innate Abilities, Weirdness & Mutations

Your attributes grow dramatically as you level up.
You have an increased reservoir of magic. (+10% MP)
You shall have no god before yourself.


Message History

You now have 8/11 mp.
Your transformation is almost over.
The giant cockroach splashes around in the water.
The giant cockroach misses you.
You barely miss the giant cockroach. The giant cockroach barely misses you.
Your unstable footing causes you to fumble your attack.
The giant cockroach completely misses you.
You hit the giant cockroach.
The giant cockroach is poisoned.
You kill the giant cockroach!
No target in view!
No target in view!
No target in view!
No target in view!
Your transformation has ended.
Your +0 robe unmelds from your body.
You see here a giant cockroach corpse.
A rat comes into view.
MP restored: 11 A rat is nearby!
A rat is nearby!
The spell is quite dangerous to cast (36% risk of failure)!
Continue anyway?
You turn into a venomous arachnid creature.
Your +0 robe melds into your body.
You now have 8/11 mp.
Your unstable footing causes you to fumble your attack.
The rat barely misses you.
Your unstable footing causes you to fumble your attack.
The rat splashes around in the water.
You bite the rat!
You kill the rat!
No target in view!
No target in view!
No target in view!
No target in view!
No target in view!
No target in view!
No target in view!
No target in view!
Your transformation is almost over.
Your transformation has ended.
Your +0 robe unmelds from your body.
You enter the shallow water.
Moving in this stuff is going to be slow.
Done exploring.
MP restored: 11 Done exploring.
Done exploring.
The spell is quite dangerous to cast (36% risk of failure)!
Continue anyway?
You turn into a venomous arachnid creature.
Your +0 robe melds into your body.
You now have 8/11 mp.
(D) Dungeon
Where to? (Enter - D:3, ? - help)
You enter the shallow water.
Moving in this stuff is going to be slow.
Your transformation is almost over.
You see here a giant cockroach corpse.
Your transformation has ended.
Your +0 robe unmelds from your body.
You regained 2 mp, and now have 10/11 mp.
(D) Dungeon
Where to? (Enter - D:4, ? - help)
You enter the shallow water.
Moving in this stuff is going to be slow.
You enter the shallow water.
Moving in this stuff is going to be slow.
You enter the shallow water.
Moving in this stuff is going to be slow.
You enter the shallow water.
Moving in this stuff is going to be slow.
You enter the shallow water.
Moving in this stuff is going to be slow.
You enter the shallow water.
Moving in this stuff is going to be slow.
There is an escape hatch in the ceiling here.
There is a stone staircase leading down here.
You climb downwards.
There is a stone staircase leading up here.
MP restored: 11
Found a stone staircase leading up.
You see here 29 stones.
Found an opulent altar of Gozag.
You now have 122 gold pieces (gained 2).
You now have 124 gold pieces (gained 2).
You now have 125 gold pieces (gained 1).
You now have 126 gold pieces (gained 1).
You now have 128 gold pieces (gained 2).
You now have 130 gold pieces (gained 2).
You now have 131 gold pieces (gained 1).
You now have 132 gold pieces (gained 1).
A leopard gecko comes into view.
The spell is quite dangerous to cast (36% risk of failure)!
Continue anyway?
You miscast Spider Form.
You are very lightly contaminated with residual magic.
Nothing appears to happen.
The leopard gecko hisses angrily.
You now have 8/11 mp.
Saving game... please wait.
Options error: Bad channel -- rotten_meat (HDAMessageColors.rc:46) Welcome back, sahdkjhfkaj the Demigod Transmuter.

.# .... #..# ##.# ....
#...# ###..# #..# #...#
##....# #..###...#
#.._..# #...#....#
#....## #..#....# #...##
#.......####..#
#.@......#....## ..#
##.............## ...##
#.........##...###
#....###.......#####.....
#....##..........##..###
#................<...#
###....................#
#...........(#####.....#
.............## ####..#


There were no monsters in sight!

Vanquished Creatures
  7 adders
  A river rat (D:3)
  An ooze (D:1)
  5 worms
  A dart slug (D:1)
  4 leopard geckos
  An orc (D:3)
  4 giant cockroaches
  5 goblins
  6 hobgoblins
  A jackal (D:3)
  10 kobolds
  A quokka (D:3)
  2 bats
  5 frilled lizards
  10 rats
64 creatures vanquished.

Notes
Turn   | Place    | Note
-------+----------+-------------------------------------------
     0 | D:1      | sahdkjhfkaj the Demigod Transmuter began the quest for the
                  | Orb.
     0 | D:1      | Reached XP level 1. HP: 15/15 MP: 5/5
   191 | D:1      | Reached skill level 2 in Transmutations
   383 | D:1      | Reached skill level 3 in Unarmed Combat
   565 | D:1      | Reached skill level 2 in Spellcasting
   692 | D:1      | Reached XP level 2. HP: 22/22 MP: 4/7
  1154 | D:1      | HP: 5/22 [hobgoblin (4)]
  1156 | D:1      | HP: 2/22 [hobgoblin (3)]
  1634 | D:2      | HP: 1/22 [worm (9)]
  1636 | D:2      | Reached XP level 3. HP: 2/27 MP: 8/8
  2006 | D:2      | Reached skill level 3 in Transmutations
  2006 | D:2      | Reached skill level 1 in Fighting
  2450 | D:2      | HP: 5/28 [worm (7)]
  3519 | D:3      | Reached XP level 4. HP: 33/35 MP: 7/9
  3769 | D:3      | Reached skill level 4 in Unarmed Combat
  3775 | D:3      | HP: 8/35 [poisoned by an adder]
  3781 | D:3      | HP: 6/35 [poisoned by an adder]
  3789 | D:3      | HP: 5/35 [poisoned by an adder]
  3797 | D:3      | HP: 4/35 [poisoned by an adder]
  3952 | D:3      | Learned a level 3 spell: Spider Form
  4405 | D:3      | HP: 8/35 [poisoned by an adder]
  5268 | D:3      | HP: 4/35 [river rat (8)]
  5839 | D:4      | Upgraded the game from 0.27-a0-633-gc6addc0a40 to
                  | 0.27-a0-637-g3a9f0a9c12
  5839 | D:4      | Quit the game

Illustrated notes

Levels and vault maps discovered:
D:1:      heliophobic_arrival_battle_scene, layout_loops_ring,
          minmay_box_of_dots
D:2:      layout_loops_corners
D:3:      minmay_evil_eye, layout_loops_ring, nicolae_overflow_crystal_walls,
          general_overflow_altar, gup_sewer_entry_spiral, chequers_jeans
D:4:      layout_layer_cave, nicolae_gozag_seed_capital

Skill      XL: |  1  2  3  4 |
---------------+-------------+-----
Transmutations | 2 3 |  3.0
Unarmed Combat | 3 4 |  4.0
Spellcasting   | 2 |  2.8
Fighting       | 1 |  1.0
Dodging        | |  1.7

Action                   |  1- 3 |  4- 6 || total
-------------------------+-------+-------++-------
Melee: Unarmed           |   116 |    77 ||   193
       Kick              |    28 |     3 ||    31
       Headbutt          |    19 |     2 ||    21
       Punch             |     1 |     1 ||     2
 Cast: Beastly Appendage |    55 |     3 ||    58
       Spider Form       |       |    17 ||    17
  Use: Scroll            |     2 |       ||     2
       Potion            |       |     3 ||     3
Armor: Robe              |    12 |     6 ||    18
Dodge: Dodged            |    58 |    59 ||   117

Table legend: (Time is in decaauts)
 A = Elapsed time spent in this place.
 B = Non-inter-level travel time spent in this place.
 C = Inter-level travel time spent in this place.
 D = Time resting spent in this place.
 E = Time spent auto-exploring this place.
 F = Levels seen in this place.
 G = Mean time per level.
                   A        B        C        D        E       F      G
               +--------+--------+--------+--------+--------+-----+--------+
         Total |   5879 |   5748 |    131 |      0 |   5222 |   4 | 1469.8 |
       Dungeon |   5879 |   5748 |    131 |      0 |   5222 |   4 | 1469.8 |
               +--------+--------+--------+--------+--------+-----+--------+

Top non-repeatable levels by time:
     D:3: 2395 daAuts
     D:1: 1827 daAuts
     D:2: 1534 daAuts
     D:4: 121 daAuts

Table legend:
 A = Kills in this place as a percentage of kills in entire the game.
 B = Kills by you in this place as a percentage of kills by you in the entire game.
 C = Kills by friends in this place as a percentage of kills by friends in the entire game.
 D = Other kills in this place as a percentage of other kills in the entire game.
 E = Experience gained in this place as a percentage of experience gained in the entire game.
 F = Experience gained in this place divided by the number of levels of this place that you have seen.
                   A       B       C       D       E      F
               +-------+-------+-------+-------+-------+----------------------
         Total | 100.0 | 100.0 |   N/A |   N/A | 100.0 |  54.8
       Dungeon | 100.0 | 100.0 |   N/A |   N/A | 100.0 |  54.8
               +-------+-------+-------+-------+-------+----------------------
